 Dungeon Crawl Stone Soup version 0.25.1-1-g288607f5aa (webtiles) character file.

Game seed: 14832000681573459991

6586 RaHiT the Grappler (level 10, -6/76 HPs)
             Began as a Demonspawn Chaos Knight on July 23, 2020.
             Was a Plaything of Xom.
             Mangled by a six-headed hydra (12 damage)
             ... on level 9 of the Dungeon.
             The game lasted 00:43:27 (10665 turns).

RaHiT the Grappler (Demonspawn Chaos Knight)       Turns: 10665, Time: 00:43:32

Health: -6/76      AC: 10    Str: 13    XL:     10   Next: 71%
Magic:  0/12       EV: 16    Int: 17    God:    Xom [...*..]
Gold:   471        SH: 12    Dex: 13    Spells: 9/9 levels left

rFire    + . .     SeeInvis .     - Unarmed
rCold    . . .     Gourm    .   l - +2 buckler
rNeg     . . .     Faith    .   a - +2 leather armour
rPois    .         Spirit   +   o - +2 helmet {Int+3}
rElec    .         Reflect  +   u - +0 cloak
rCorr    .         Harm     .   (no gloves)
MR       +....     Clarity  +   (no boots)
Stlth    +.........             i - amulet of reflection
HPRegen  0.22/turn              f - ring of protection from magic
MPRegen  0.13/turn              (no ring)

@: lethally poisoned (-6 -> -6)
A: claws 1, slimy green scales 2, blurry vision 1, clarity, deformed body, fire
resistance 1, screaming 1, weak 1, magic shield, flame cloud immunity
a: Renounce Religion


You were on level 9 of the Dungeon.
You worshipped Xom.
You were a favourite toy of Xom.
You were not hungry.

You visited 1 branch of the dungeon, and saw 9 of its levels.
You also visited: Sewer.

You collected 471 gold pieces.

Inventory:

Hand Weapons
 F - a +2 hand crossbow
Missiles
 s - 13 poisoned darts (quivered)
 y - 11 boomerangs
 z - 69 bolts
 B - 5 curare-tipped darts
Armour
 a - a +2 leather armour (worn)
 l - a +2 buckler (worn)
 o - a +2 helmet of intelligence (worn)
 u - a +0 cloak (worn)
Jewellery
 f - a ring of protection from magic (left claw)
 i - an amulet of reflection (around neck)
 D - an uncursed amulet of magic regeneration {unknown}
Wands
 n - a wand of flame (13)
Scrolls
 c - 2 scrolls of blinking
 g - a scroll of identify
 j - 3 scrolls of remove curse
 p - 3 scrolls of amnesia
 t - 6 scrolls of magic mapping
 v - 5 scrolls of fog
 C - 2 scrolls of teleportation
 H - 2 scrolls of enchant weapon
Potions
 d - 3 potions of brilliance
 e - 4 potions of curing
 h - a potion of lignification
 m - a potion of berserk rage {unknown}
 q - 3 potions of heal wounds
 r - 3 potions of haste {unknown}
 w - 2 potions of magic
 x - 2 potions of flight
 A - 2 potions of invisibility
Comestibles
 b - 12 rations


   Skills:
 - Level 6.0 Fighting
 + Level 7.5 Throwing
 - Level 2.0 Armour
 - Level 8.0 Dodging
 - Level 4.0 Shields
 - Level 8.0 Unarmed Combat
 - Level 3.0 Evocations


You had 9 spell levels left.
You didn't know any spells.
Your spell library contained the following spells:

 Spells                   Type           Power        Failure   Level  Hunger
 Sandblast                Erth           #.....       30%         1    ##.....
 Passwall                 Tmut/Erth      #.......     41%         2    ###....
 Stone Arrow              Conj/Erth      #.....       65%         3    ####...
 Petrify                  Tmut/Erth      #.......     96%         4    #####..
 Lee's Rapid Deconstruct  Erth           #.........   100%        5    ######.


Dungeon Overview and Level Annotations

Branches:
Dungeon (9/15)             Temple (0/1) D:6           Sewer (visited)
   Lair: D:8-11         Orc: D:9-12

Altars:
Ashenzari
Hepliaklqana
Makhleb
Qazlal
Ru
Sif Muna
Uskayaw
Wu Jian
Xom
Yredelemnul

Shops:
D:6 :   D:9 *


Innate Abilities, Weirdness & Mutations

You have sharp fingernails.
You are mostly covered in slimy green scales. (AC +3)
Your flesh is heat resistant. (rF+)
When hurt, damage is shared between your health and your magic reserves.
You are immune to clouds of flame.
Scrolls take you a little longer to read.
You possess an exceptional clarity of mind.
Armour fits poorly on your strangely shaped body.
You occasionally shout uncontrollably at your foes.
You are weak. (Str -2)


Message History

Press: ? - help, Shift-Dir - straight line, f/p - six-headed hydra
Aim: a six-headed hydra (almost dead)
The puff of flame hits the six-headed hydra.
The six-headed hydra is almost dead.
You block the six-headed hydra's attack.
The six-headed hydra bites you!
The six-headed hydra closely misses you.
The six-headed hydra bites you. The six-headed hydra bites you!
* * * LOW HITPOINT WARNING * * *
The six-headed hydra closely misses you.
Unknown command.
You feel sick. The six-headed hydra bites you!
* * * LOW HITPOINT WARNING * * *
You block the six-headed hydra's attack.
The six-headed hydra bites you.
* * * LOW HITPOINT WARNING * * *
You block the six-headed hydra's attack.
The six-headed hydra bites you!
You die...
Xom thinks this is hilarious!

#....(>....# #.P.P
########.### ##....
#......#### #.....
...........# #########'##.#
...........# #............#
...........# #.......P....#
...........### #.....)......#
.............###.......P....#
...........#@Da#.........PP.#
...........###†Z............'
..........# ###.............
#####.#### #######.§...≈. #.<
#....... ...# #...∩... .#
#....... ###.#...≈.
#.........


You could see a six-headed hydra, a soldier ant and a howler monkey skeleton.

Vanquished Creatures
  3 two-headed ogres
  A hippogriff (D:7)
  Grum (D:8)
  A hungry ghost (D:8)
  2 water moccasins (D:7)
  2 orc warriors
  A hornet zombie (D:9)
  2 sky beasts
  2 ice beasts
  A phantom (D:8)
  2 wolves (D:7)
  4 ogres
  2 big kobolds (D:7)
  5 bullfrogs
  A wyvern skeleton (D:9)
  A water moccasin skeleton (D:6)
  2 killer bees (D:9)
  2 wights (D:9)
  5 howler monkeys
  5 crimson imps
  A centaur zombie (D:8)
  2 bullfrog zombies
  5 orc wizards
  3 orc priests
  Crazy Yiuf (D:3)
  4 hounds (D:8)
  Jessica (D:2)
  2 iguanas
  5 worker ants
  A hound zombie (D:8)
  A mummy (D:9)
  A worker ant zombie (D:6)
  Robin (D:3)
  2 gnolls (D:3)
  7 river rats
  15 adders
  2 shadow imps
  5 oozes
  An adder zombie (D:7)
  2 adder skeletons
  4 worms
  2 dart slugs
  4 leopard geckos
  25 orcs
  9 giant cockroaches
  9 goblins
  14 hobgoblins
  7 ball pythons (Sewer)
  5 bats
  10 frilled lizards
  2 jackal zombies
  11 kobolds
  A quokka zombie (D:8)
  25 rats
235 creatures vanquished.

Vanquished Creatures (collateral kills)
  2 hornets (D:9)
  A water moccasin (D:9)
  An orc warrior (D:7)
  A black bear (D:7)
  2 scorpions
  A killer bee (D:9)
  A howler monkey (D:7)
  A hound (D:9)
  An orc priest (D:7)
  A worker ant (D:9)
  4 gnolls (D:3)
  A dart slug (D:3)
  3 orcs
  A hobgoblin (D:3)
  A ball python (D:3)
  A bat (D:3)
  A kobold (D:3)
24 creatures vanquished.

Vanquished Creatures (others)
  2 killer bees (D:9)
  A fungus (D:3)
3 creatures vanquished.

Grand Total: 262 creatures vanquished

Notes
Turn   | Place    | Note
-------+----------+-------------------------------------------
     0 | D:1      | RaHiT the Demonspawn Chaos Knight began the quest for the
                  | Orb.
     0 | D:1      | Reached XP level 1. HP: 18/18 MP: 1/1
    91 | D:1      | Reached skill level 1 in Dodging
   202 | D:1      | XOM: silly message
   236 | D:1      | Gained mutation: You are partially covered in slimy green
                  | scales. (AC +2) [demonic ancestry]
   236 | D:1      | Reached XP level 2. HP: 20/24 MP: 2/2
   357 | D:1      | XOM: noise
   806 | D:2      | XOM: polymorph dart slug -> hobgoblin
   817 | D:2      | XOM: 4-stop teleportation journey
   818 | D:2      | Noticed Jessica
   830 | D:2      | Killed Jessica
   830 | D:2      | Gained mutation: Your flesh is heat resistant. (rF+)
                  | [demonic ancestry]
   830 | D:2      | Reached XP level 3. HP: 23/29 MP: 3/3
   962 | D:2      | XOM: 10-stop teleportation journey
  1047 | D:2      | XOM: 4-stop teleportation journey
  1430 | D:2      | XOM: 7-stop teleportation journey
  1560 | D:2      | Found a shimmering blue altar of Sif Muna.
  1661 | D:3      | Reached XP level 4. HP: 17/35 MP: 4/4
  1801 | D:2      | XOM: silly message
  1967 | D:3      | XOM: enchant monster (good)
  2105 | D:3      | Noticed Robin
  2116 | D:3      | XOM: silly message
  2134 | D:3      | XOM: scenery: create altars
  2165 | D:3      | Killed Robin
  2304 | D:3      | XOM: 2-stop teleportation journey
  2321 | D:3      | Gained mutation: You have sharp fingernails. [demonic
                  | ancestry]
  2321 | D:3      | Reached XP level 5. HP: 29/41 MP: 5/5
  2369 | D:3      | XOM: scenery: create altars
  2388 | D:3      | XOM: summons 3 hostile demons
  2501 | D:3      | XOM: 1-stop teleportation journey
  2523 | D:3      | XOM: 3-stop teleportation journey
  2524 | D:3      | XOM: cloud trail
  2661 | D:3      | XOM: cast spell 'Summon Ice Beast'
  2667 | D:3      | Reached skill level 5 in Unarmed Combat
  2762 | D:3      | XOM: god gift: 14 stones
  2868 | D:3      | Found a runed translucent door.
  2870 | D:3      | Noticed Crazy Yiuf
  2876 | D:3      | Killed Crazy Yiuf
  2905 | D:3      | XOM: god gift: 40 gold pieces
  3089 | D:4      | Gained mutation: You are immune to clouds of flame.
                  | [demonic ancestry]
  3089 | D:4      | Reached XP level 6. HP: 47/47 MP: 6/6
  3165 | D:4      | Found a basalt altar of Yredelemnul.
  3179 | D:4      | XOM: enchant monster (good)
  3186 | D:4      | XOM: enchant monster (good)
  3234 | D:4      | Reached skill level 1 in Shields
  3331 | D:4      | XOM: 1-stop teleportation journey
  3426 | D:4      | Found a glowing drain.
  3430 | Sewer    | Entered a sewer
  3571 | Sewer    | XOM: summons 3 hostile shadow creatures
  3794 | Sewer    | XOM: noise
  3939 | Sewer    | XOM: stat loss: -1 Int (16/17)
  3942 | Sewer    | XOM: summons 4 hostile shadow creatures
  3944 | Sewer    | XOM: noise
  3960 | Sewer    | Reached XP level 7. HP: 33/52 MP: 7/7
  4427 | D:4      | XOM: stat loss: -1 Int (16/17)
  4527 | D:4      | XOM: noise
  4549 | D:4      | XOM: stat loss: -1 Str (13/14)
  4637 | D:5      | Entered Level 5 of the Dungeon
  4672 | D:5      | XOM: give mutations
  4672 | D:5      | Gained mutation: You are clumsy. (Dex -2) [Xom's mischief]
  4672 | D:5      | Gained mutation: Your body sometimes deteriorates upon
                  | taking damage. [Xom's mischief]
  4672 | D:5      | Gained mutation: You are very clumsy. (Dex -4) [Xom's
                  | mischief]
  4672 | D:5      | Lost mutation: You are very clumsy. (Dex -4) [Xom's
                  | mischief]
  4938 | D:5      | Found a sacrificial altar of Ru.
  4963 | D:5      | XOM: 4-stop teleportation journey
  5223 | D:5      | XOM: give mutations
  5223 | D:5      | Lost mutation: You are clumsy. (Dex -2) [Xom's mischief]
  5223 | D:5      | Gained mutation: You are weak. (Str -2) [Xom's mischief]
  5223 | D:5      | Gained mutation: Scrolls take you a little longer to read.
                  | [Xom's mischief]
  5223 | D:5      | Gained mutation: Your magical capacity is low. (-10% MP)
                  | [Xom's mischief]
  5898 | D:6      | XOM: swap monsters
  5969 | D:6      | XOM: silly message
  6006 | D:6      | Reached skill level 5 in Fighting
  6274 | D:6      | Reached skill level 1 in Throwing
  6375 | D:6      | XOM: stat loss: -1 Int (15/17)
  6380 | D:6      | XOM: silly message
  6383 | D:6      | Gained mutation: You are mostly covered in slimy green
                  | scales. (AC +3) [demonic ancestry]
  6383 | D:6      | Reached XP level 8. HP: 60/62 MP: 7/7
  6525 | D:6      | XOM: give mutations
  6525 | D:6      | Gained mutation: You are very weak. (Str -4) [Xom's
                  | mischief]
  6525 | D:6      | Gained mutation: You occasionally shout uncontrollably at
                  | your foes. [Xom's mischief]
  6525 | D:6      | Lost mutation: You are very weak. (Str -4) [Xom's mischief]
  6525 | D:6      | Lost mutation: Your magical capacity is low. (-10% MP)
                  | [Xom's mischief]
  6532 | D:6      | XOM: cloud trail
  6544 | D:6      | XOM: 7-stop teleportation journey
  6711 | D:6      | Found Qaesowk's Book Shoppe.
  6735 | D:6      | XOM: give mutation
  6735 | D:6      | Gained mutation: You possess an exceptional clarity of
                  | mind. [Xom's grace]
  6736 | D:6      | XOM: enchant monster (good)
  6987 | D:6      | Found a shattered altar of Ashenzari.
  6989 | D:6      | Found a hide-covered altar of Uskayaw.
  7043 | D:6      | Found an ornate altar of the Wu Jian Council.
  7045 | D:6      | Found a shimmering altar of Xom.
  7045 | D:6      | Found a hazy altar of Hepliaklqana.
  7047 | D:6      | Found a burning altar of Makhleb.
  7047 | D:6      | Found a basalt altar of Yredelemnul.
  7047 | D:6      | Found a stormy altar of Qazlal.
  7102 | D:6      | Found a staircase to the Ecumenical Temple.
  7240 | D:6      | XOM: god gift: 13 stones
  7392 | D:7      | XOM: divination: detect items
  7473 | D:7      | XOM: god gift: gnarled runed staff {god gift}
  7563 | D:7      | Reached skill level 5 in Throwing
  7567 | D:7      | Reached skill level 1 in Evocations
  7583 | D:7      | XOM: 6-stop teleportation journey
  7625 | D:7      | XOM: summons 8 friendly demons
  7660 | D:7      | XOM: summons 8 friendly demons
  7777 | D:7      | XOM: scenery: create altars
  7880 | D:7      | Gained mutation: When hurt, damage is shared between your
                  | health and your magic reserves. [demonic ancestry]
  7880 | D:7      | Reached XP level 9. HP: 44/68 MP: 11/11
  8124 | D:7      | XOM: 4-stop teleportation journey
  8269 | D:7      | XOM: scenery: create altars
  8327 | D:7      | XOM: scenery: create altars
  8459 | D:7      | Reached skill level 5 in Dodging
  8501 | D:8      | Found a sacrificial altar of Ru.
  8505 | D:7      | XOM: fake destruction
  8584 | D:8      | XOM: enchant monster (bad)
  8637 | D:7      | XOM: swap monsters
  8705 | D:7      | XOM is BORED!
  8793 | D:8      | Noticed Grum
  8802 | D:8      | Killed Grum
  8886 | D:8      | XOM: blink monster(s)
  8914 | D:8      | XOM: noise
  9040 | D:8      | Noticed a two-headed ogre
  9050 | D:8      | XOM: chaos upgrade
  9066 | D:8      | XOM: enchant monster (bad)
  9085 | D:7      | XOM: chaos cloud
  9125 | D:7      | XOM: give mutations
  9125 | D:7      | Lost mutation: Your body sometimes deteriorates upon taking
                  | damage. [Xom's mischief]
  9125 | D:7      | Gained mutation: Armour fits poorly on your strangely
                  | shaped body. [Xom's mischief]
  9125 | D:7      | Gained mutation: You sometimes yell uncontrollably at your
                  | foes. [Xom's mischief]
  9125 | D:7      | Lost mutation: You sometimes yell uncontrollably at your
                  | foes. [Xom's mischief]
  9128 | D:7      | XOM: fake destruction
  9133 | D:7      | Killed a two-headed ogre
  9133 | D:7      | Reached XP level 10. HP: 50/76 MP: 12/12
  9208 | D:7      | XOM: swap monsters
  9226 | D:7      | Killed a two-headed ogre
  9290 | D:8      | XOM: noise
  9426 | D:8      | XOM: summons friendly crimson imp
  9897 | D:9      | Noticed a two-headed ogre
  9905 | D:8      | XOM: fake destruction
  9913 | D:8      | Killed a two-headed ogre
  9949 | D:8      | XOM: god gift: 37 gold pieces
 10402 | D:9      | XOM: fog
 10510 | D:9      | Found Lepnil's Elemental Accessories.
 10513 | D:9      | XOM: fog
 10557 | D:9      | XOM: confuse monster(s)
 10593 | D:9      | XOM: cloud trail
 10603 | D:9      | Noticed a six-headed hydra
 10628 | D:9      | XOM: smoke on damage
 10665 | D:9      | Mangled by a six-headed hydra

Illustrated notes

Levels and vault maps discovered:
D:1:      dpeg_arrival_pits, layout_loops_ring
D:2:      layout_loops_ring, led_sif_pool, uniq_jessica
D:3:      layout_loops_ring, minmay_misc_feat_chi, minmay_misc_feat_encased,
          uniq_robin, uniq_crazy_yiuf_cottage
D:4:      layout_basic, yredelemnul_altar_generic, gup_sewer_entry_spiral
D:5:      layout_layer_cave, lemuel_round_altar, first_ration
D:6:      layout_basic, gammafunk_temple_overflow_statue,
          minmay_temple_entry_nine_rooms, serial_shops, kennysheep_mini,
          serial_co_window_serial, co_window_of_opportunity_a,
          co_window_of_opportunity_a, co_window_paths_a, co_window_cross_1,
          co_window_cross_1, co_window_corner_a, co_window_unsneaky_path_a,
          co_window_of_opportunity_c, co_window_unsneaky_path_a,
          co_window_2corner, co_window_2corner, co_window_of_opportunity_c,
          doesnt_xom_only_xom
D:7:      layout_basic
D:8:      minmay_general_purpose_star, layout_cave_pools, basic_altar, uniq_grum
D:9:      layout_roguey, serial_undead, serial_undead_c, serial_undead_b,
          serial_undead_b, serial_undead_e, hangedman_pestilent_swarm,
          nrook_campfire, nicolae_elemental_shop

Skill      XL: |  1  2  3  4  5  6  7  8  9 10 |
---------------+-------------------------------+-----
Dodging        | 1 2 4 6 8 |  8.0
Unarmed Combat | 3 4 5 6 8 |  8.0
Armour         | 2 |  2.0
Shields        | 3 4 |  4.0
Fighting       | 5 6 |  6.0
Throwing       | 2 5 7 |  7.5
Evocations     | 3 |  3.0

Action                   |  1- 3 |  4- 6 |  7- 9 | 10-12 || total
-------------------------+-------+-------+-------+-------++-------
Melee: Unarmed           |   163 |   396 |   430 |   226 ||  1215
       Punch             |     3 |       |       |       ||     3
Throw: Dart              |       |       |    70 |    16 ||    86
       Boomerang         |       |       |    21 |       ||    21
Evoke: Wand              |       |       |       |    10 ||    10
  Use: Scroll            |     6 |     7 |     4 |     1 ||    18
       Potion            |       |     3 |     2 |     4 ||     9
 Stab: Petrified         |       |     5 |       |       ||     5
       Sleeping          |       |     1 |       |       ||     1
       Confused          |       |       |     2 |       ||     2
       Invisible         |       |       |     1 |       ||     1
  Eat: Chunk             |     2 |     9 |    14 |     2 ||    27
       Ration            |       |       |     1 |     1 ||     2
Armor: Leather armour    |    55 |   159 |    79 |    20 ||   313
       Skin              |       |     2 |     9 |    34 ||    45
Dodge: Dodged            |    93 |   207 |   116 |    91 ||   507
Block: Buckler           |       |   273 |   207 |   146 ||   626
       Reflection        |       |     4 |     9 |     9 ||    22
